Kings vs Canadiens
(R1)
Created - February 5, 2021 at 19:00
Goals
|
| Kings |
0 |
1 |
2 |
0 |
2 |
4 |
| Canadiens |
1 |
0 |
2 |
0 |
1 |
3 |
|
Shots
|
| Kings |
13 |
11 |
12 |
0 |
4 |
36 |
| Canadiens |
8 |
13 |
13 |
0 |
4 |
34 |
|
1st period
1. Canadiens , Cameron Gaunce 3 (Steve Downie 6, Dave Bolland 14) at 13:02
Penalties :
Philip Larsen (Mon) for Tripping (Minor) at 0:40, Frans Nielsen (Mon) for Roughing (Minor) at 13:19
2nd period
2. Kings , Chris Kreider 20 (Anze Kopitar 29) at 19:55 (PP)
Penalties :
Benoit Pouliot (Mon) for High sticking (Minor) at 3:52, Joni Pitkanen (LAK) for Tripping (Minor) at 14:37, Dustin Boyd (Mon) for Holding (Minor) at 16:57, Brady Skjei (Mon) for Hooking (Minor) at 19:53
3rd period
3. Canadiens , Claude Giroux 16 (Brady Skjei 23) at 5:44
4. Kings , Blake Wheeler 7 (Nathan MacKinnon 21) at 7:07
5. Kings , Steve Bernier 5 (Colton Parayko 11, Sergey Kalinin 1) at 15:23
6. Canadiens , Steve Downie 8 (Benoit Pouliot 21, Dave Bolland 15) at 17:16
Penalties :
Nathan MacKinnon (LAK) for Roughing (Minor) at 0:45, Eric Nystrom (LAK) for High sticking (Minor) at 17:35, Brady Skjei (Mon) for Hooking (Minor) at 17:48
Overtime #1
No Goal
Penalties :
No Penalty
Shootout
Kings, Anze Kopitar - Stopped by Kristers Gudlevskis
Canadiens, Claude Giroux - Stopped by Tuukka Rask
Kings, Chris Higgins - Stopped by Kristers Gudlevskis
Canadiens, Brett Maclean - Goal!
Kings, David Pastrnak - Goal!
Canadiens, Greg Stewart - Stopped by Tuukka Rask
Kings, Logan Couture - Goal!
Canadiens, Benoit Pouliot - Stopped by Tuukka Rask
Penalties :
No Penalty
Goalie Stats
Tuukka Rask (LAK), 31 saves from 34 shots - (0.912), W, 15-9-4, 65:00 minutes
Kristers Gudlevskis (Mon), 33 saves from 36 shots - (0.917), OTL, 11-17-8, 65:00 minutes
Players Stats for Kings
Player Name G A P +/- PIM S H SB GA TA FO MP PP MP PK MP
------------------------------------------------------------------------------------
Anze Kopitar 0 1 1 -1 0 7 5 0 1 0 10/27 21:18 4:00 0:02
Blake Wheeler 1 0 1 -1 0 3 1 2 0 0 1/3 15:16 0:00 1:04
Chris Higgins 0 0 0 1 0 1 1 0 0 1 0/0 9:03 0:00 0:00
Chris Kreider 1 0 1 -1 0 5 3 0 1 0 0/0 18:42 3:47 0:49
Colton Parayko 0 1 1 0 0 1 2 1 0 1 0/0 29:00 4:49 1:34
David Pastrnak 0 0 0 0 0 2 2 0 0 0 0/1 14:04 3:47 0:00
Eric Nystrom 0 0 0 0 2 2 3 0 0 1 0/0 11:12 0:13 1:04
Gabriel Landeskog 0 0 0 -1 0 1 0 0 1 1 0/0 20:56 4:11 0:21
Jaccob Slavin 0 0 0 -1 0 2 2 0 0 1 0/0 17:59 4:36 0:13
Jacob Trouba 0 0 0 0 0 1 0 0 0 0 0/0 23:36 3:22 2:37
Joni Pitkanen 0 0 0 0 2 0 0 0 0 1 0/0 16:26 0:00 0:00
Kevin Hayes 0 0 0 -1 0 3 0 0 0 0 1/1 18:29 4:11 0:00
Logan Couture 0 0 0 0 0 2 0 1 0 0 4/12 14:05 0:00 2:32
Nathan MacKinnon 0 1 1 -1 2 0 3 0 0 1 12/21 21:38 4:24 0:00
Olli Maatta 0 0 0 -1 0 2 0 0 0 0 0/0 14:10 0:00 1:34
Sergey Kalinin 0 1 1 1 0 0 1 0 0 0 0/1 11:34 0:00 2:30
Steve Bernier 1 0 1 1 0 1 0 0 0 0 0/0 7:43 0:00 0:00
Travis Hamonic 0 0 0 0 0 3 2 5 0 1 0/0 28:49 3:35 2:24
Players Stats for Canadiens
Player Name G A P +/- PIM S H SB GA TA FO MP PP MP PK MP
------------------------------------------------------------------------------------
Benoit Pouliot 0 1 1 2 2 2 0 1 2 0 0/0 16:48 1:59 0:20
Brady Skjei 0 1 1 2 4 1 1 3 1 0 0/0 24:08 2:11 0:28
Brett Maclean 0 0 0 0 0 3 0 0 0 0 0/1 12:08 0:00 0:18
Bryce Lampman 0 0 0 2 0 0 0 2 0 1 0/0 29:08 2:12 4:47
Cameron Gaunce 1 0 1 0 0 1 1 2 0 1 0/0 15:18 1:59 0:00
Claude Giroux 1 0 1 0 0 7 0 0 1 0 1/1 21:04 2:12 0:00
Dave Bolland 0 2 2 2 0 1 2 0 2 0 9/18 18:10 1:59 1:35
Dustin Boyd 0 0 0 0 2 1 0 0 1 0 4/8 14:39 0:00 1:50
Frans Nielsen 0 0 0 0 2 5 3 1 0 0 19/28 19:42 2:12 0:00
Greg Stewart 0 0 0 0 0 4 1 1 0 0 0/1 22:59 2:12 2:47
Jordan Szwarz 0 0 0 0 0 3 2 1 0 0 0/0 11:22 0:00 0:00
Mark Stuart 0 0 0 -1 0 0 0 2 0 0 0/0 22:43 0:00 4:21
Nick Spaling 0 0 0 -1 0 1 0 0 0 0 0/0 6:25 0:00 0:00
Nikolai Zherdev 0 0 0 -1 0 0 0 0 0 0 0/0 6:25 0:00 0:00
Philip Larsen 0 0 0 0 2 0 0 3 0 0 0/0 15:02 0:00 2:56
Pierre-Marc Bouchard 0 0 0 -1 0 1 0 0 0 0 5/8 11:21 0:00 4:46
Raphael Diaz 0 0 0 -1 0 1 1 1 0 1 0/0 23:46 1:59 3:50
Steve Downie 1 1 2 2 0 3 2 0 1 0 0/1 18:49 1:59 4:46
3 Stars
1 - Steve Downie (Mon)
2 - Dave Bolland (Mon)
3 - Steve Bernier (LAK)
Power Play
Kings - 1 on 6 Attempt(s) - 16.67%
Canadiens - 0 on 3 Attempt(s) - 0.00%
Penalty Kill
Kings - 3 on 3 Attempt(s) - 100.00%
- Score 0 goal in Penalty Kill
Canadiens - 5 on 6 Attempt(s) - 83.33%
- Score 0 goal in Penalty Kill
Team Stat
Kings - Hits : 25 - Faceoff Wins : 28 - Blocked Shots : 9 - Penalty Minutes : 6
Canadiens - Hits : 13 - Faceoff Wins : 38 - Blocked Shots : 17 - Penalty Minutes : 12
Official
Referees : Unknown
Linesman : Unknown
Game Notes
No Game Note
Finance
Level 1 -- Attendance: 5719 (95.32%) -- Ticket Income $583,338
Level 2 -- Attendance: 4390 (87.80%) -- Ticket Income $289,740
Level 3 -- Attendance: 2000 (100.00%) -- Ticket Income $84,000
Level 4 -- Attendance: 3983 (99.58%) -- Ticket Income $111,524
Luxury Box -- Attendance: 864 (86.40%) -- Ticket Income $157,248
Game was played at the Centre Bell.
Total Attendance: 16956 (94.20%)
Total Ticket Income: $1,225,850
Other Income: $183,878
Total Income: $1,409,728
Kings
5 vs 5 Forward
Center Left Wing Right Wing Time % Phy DF OF
1 Anze Kopitar Chris Kreider Kevin Hayes 35 1 2 2
2 Nathan MacKinnon Gabriel Landeskog Blake Wheeler 35 1 2 2
3 Logan Couture Eric Nystrom David Pastrnak 25 1 2 2
4 Sergey Kalinin Chris Higgins Steve Bernier 5 1 2 2
5 vs 5 Defense
Defense Defense Time % Phy DF OF
1 Travis Hamonic Colton Parayko 40 2 2 1
2 Joni Pitkanen Jacob Trouba 35 2 2 1
3 Jaccob Slavin Olli Maatta 25 2 2 1
4 Olli Maatta Colton Parayko 0 2 2 1
PowerPlay Forward
Center Left Wing Right Wing Time % Phy DF OF
1 Anze Kopitar Chris Kreider David Pastrnak 50 0 1 4
2 Nathan MacKinnon Gabriel Landeskog Kevin Hayes 50 0 1 4
PowerPlay Defense
Defense Defense Time % Phy DF OF
1 Jaccob Slavin Colton Parayko 60 0 2 3
2 Jacob Trouba Travis Hamonic 40 0 2 3
Penalty Kill 4 Players Forward
Center Wing Time % Phy DF OF
1 Logan Couture Sergey Kalinin 60 2 3 0
2 Blake Wheeler Eric Nystrom 40 2 3 0
Penalty Kill 4 Players Defense
Defense Defense Time % Phy DF OF
1 Jacob Trouba Travis Hamonic 60 2 3 0
2 Olli Maatta Colton Parayko 40 2 3 0
Penalty Kill - 3 Players Forward
Forward Time % Phy DF OF
1 Gabriel Landeskog 60 2 3 0
2 Anze Kopitar 40 2 3 0
Penalty Kill - 3 Players Defense
Defense Defense Time % Phy DF OF
1 Travis Hamonic Jacob Trouba 60 2 3 0
2 Colton Parayko Olli Maatta 40 2 3 0
4 vs 4 Forward
Center Wing Time % Phy DF OF
1 Nathan MacKinnon Anze Kopitar 60 1 2 2
2 Gabriel Landeskog David Pastrnak 40 1 2 2
4 vs 4 Defense
Defense Defense Time % Phy DF OF
1 Travis Hamonic Colton Parayko 60 1 2 2
2 Jaccob Slavin Jacob Trouba 40 1 2 2
Last Minutes Offensive
Center Left Wing Right Wing Defense Defense
Anze Kopitar Chris Kreider Kevin Hayes Gabriel Landeskog Jaccob Slavin
Last Minutes Defensive
Center Left Wing Right Wing Defense Defense
Anze Kopitar Gabriel Landeskog Blake Wheeler Colton Parayko Travis Hamonic
Goaltenders
Starting : Tuukka Rask
Backup : Tyler Weiman
Extra Forwards
Normal : Anze Kopitar, Logan Couture, Nathan MacKinnon - PP : Logan Couture, Blake Wheeler - PK : Chris Kreider
Extra Defensemen
Normal : Colton Parayko, Travis Hamonic, Joni Pitkanen - PP : Joni Pitkanen - PK : Jaccob Slavin, Joni Pitkanen
Penalty Shots
Anze Kopitar, Chris Higgins, David Pastrnak, Logan Couture, Chris Kreider
Scratches
Vitaly Vishnevsky (Healthy)
Canadiens
5 vs 5 Forward
Center Left Wing Right Wing Time % Phy DF OF
1 Frans Nielsen Greg Stewart Claude Giroux 40 3 1 1
2 Dave Bolland Benoit Pouliot Steve Downie 30 3 1 1
3 Dustin Boyd Brett Maclean Jordan Szwarz 20 3 1 1
4 Pierre-Marc Bouchard Nick Spaling Nikolai Zherdev 10 5 0 0
5 vs 5 Defense
Defense Defense Time % Phy DF OF
1 Brady Skjei Bryce Lampman 40 4 1 0
2 Mark Stuart Raphael Diaz 30 4 1 0
3 Philip Larsen Cameron Gaunce 20 4 1 0
4 Brady Skjei Bryce Lampman 10 4 1 0
PowerPlay Forward
Center Left Wing Right Wing Time % Phy DF OF
1 Frans Nielsen Greg Stewart Claude Giroux 50 0 0 5
2 Dave Bolland Benoit Pouliot Steve Downie 50 0 0 5
PowerPlay Defense
Defense Defense Time % Phy DF OF
1 Brady Skjei Bryce Lampman 50 0 0 5
2 Raphael Diaz Cameron Gaunce 50 0 0 5
Penalty Kill 4 Players Forward
Center Wing Time % Phy DF OF
1 Pierre-Marc Bouchard Steve Downie 60 1 3 1
2 Dustin Boyd Greg Stewart 40 1 3 1
Penalty Kill 4 Players Defense
Defense Defense Time % Phy DF OF
1 Mark Stuart Bryce Lampman 60 1 3 1
2 Philip Larsen Raphael Diaz 40 1 3 1
Penalty Kill - 3 Players Forward
Forward Time % Phy DF OF
1 Frans Nielsen 60 1 4 0
2 Dave Bolland 40 1 4 0
Penalty Kill - 3 Players Defense
Defense Defense Time % Phy DF OF
1 Mark Stuart Bryce Lampman 60 1 4 0
2 Brady Skjei Raphael Diaz 40 1 4 0
4 vs 4 Forward
Center Wing Time % Phy DF OF
1 Dave Bolland Claude Giroux 60 0 2 3
2 Frans Nielsen Benoit Pouliot 40 0 2 3
4 vs 4 Defense
Defense Defense Time % Phy DF OF
1 Brady Skjei Mark Stuart 60 0 2 3
2 Cameron Gaunce Raphael Diaz 40 0 2 3
Last Minutes Offensive
Center Left Wing Right Wing Defense Defense
Frans Nielsen Greg Stewart Claude Giroux Brady Skjei Bryce Lampman
Last Minutes Defensive
Center Left Wing Right Wing Defense Defense
Frans Nielsen Greg Stewart Steve Downie Mark Stuart Bryce Lampman
Goaltenders
Starting : Kristers Gudlevskis
Backup : Allen York
Extra Forwards
Normal : Claude Giroux, Greg Stewart, Benoit Pouliot - PP : Claude Giroux, Greg Stewart - PK : Steve Downie
Extra Defensemen
Normal : Brady Skjei, Bryce Lampman, Raphael Diaz - PP : Brady Skjei - PK : Raphael Diaz, Bryce Lampman
Penalty Shots
Claude Giroux, Brett Maclean, Greg Stewart, Benoit Pouliot, Frans Nielsen
Scratches
Viktor Stalberg (Healthy)
% Time on Ice - Kings
Lines # - Real PCT - Wanted PCT - Time Play
Normal Forward
1 - 31% - 35% - 14:19
2 - 31% - 35% - 14:09
3 - 21% - 25% - 9:41
4 - 17% - 5% - 7:43
Normal Defense
1 - 41% - 40% - 18:56
2 - 35% - 35% - 16:08
3 - 24% - 25% - 10:48
4 - 0% - 0% - 0:00
PP Forward
1 - 49% - 50% - 4:00
2 - 51% - 50% - 4:11
PP Defense
1 - 59% - 60% - 4:49
2 - 41% - 40% - 3:22
PK Forward
1 - 75% - 60% - 3:07
2 - 25% - 40% - 1:04
PK Defense
1 - 63% - 60% - 2:37
2 - 37% - 40% - 1:34
PK3 Forward
1 - 0% - 60%
2 - 0% - 40%
PK3 Defense
1 - 0% - 60%
2 - 0% - 40%
44 Forward
1 - 87% - 60% - 5:55
2 - 13% - 40% - 0:51
44 Defense
1 - 66% - 60% - 4:26
2 - 34% - 40% - 2:20
Last Minute Offensive - 0:00
Last Minute Defensive - 0:00
Total
Forward - 65:00
Defense - 65:00
|
% Time on Ice - Canadiens
Lines # - Real PCT - Wanted PCT - Time Play
Normal Forward
1 - 36% - 40% - 16:25
2 - 26% - 30% - 11:47
3 - 25% - 20% - 11:15
4 - 14% - 10% - 6:25
Normal Defense
1 - 41% - 40% - 18:35
2 - 32% - 30% - 14:41
3 - 23% - 20% - 10:35
4 - 4% - 10% - 2:01
PP Forward
1 - 53% - 50% - 2:12
2 - 47% - 50% - 1:59
PP Defense
1 - 53% - 50% - 2:12
2 - 47% - 50% - 1:59
PK Forward
1 - 70% - 60% - 5:42
2 - 30% - 40% - 2:29
PK Defense
1 - 56% - 60% - 4:34
2 - 44% - 40% - 3:37
PK3 Forward
1 - 0% - 60%
2 - 0% - 40%
PK3 Defense
1 - 0% - 60%
2 - 0% - 40%
44 Forward
1 - 86% - 60% - 5:50
2 - 14% - 40% - 0:56
44 Defense
1 - 60% - 60% - 4:02
2 - 40% - 40% - 2:44
Last Minute Offensive - 0:00
Last Minute Defensive - 0:00
Total
Forward - 65:00
Defense - 65:00
|
Play-by-Play
1st period
0:01 of 1st period - Anze Kopitar wins face-off versus Frans Nielsen in neutral zone.
0:37 of 1st period - Backhand shot by Logan Couture.
0:37 of 1st period - Deflect By Raphael Diaz.
0:37 of 1st period - Stopped by Kristers Gudlevskis without a rebound.
0:38 of 1st period - Dave Bolland wins face-off versus Nathan MacKinnon in Canadiens zone.
0:40 of 1st period - Minor Penalty to Philip Larsen for Tripping.
0:41 of 1st period - Anze Kopitar wins face-off versus Pierre-Marc Bouchard in Canadiens zone.
1:17 of 1st period - Wrist shot by Kevin Hayes.
1:17 of 1st period - Stopped by Kristers Gudlevskis without a rebound.
1:18 of 1st period - Pierre-Marc Bouchard wins face-off versus Anze Kopitar in Canadiens zone.
2:40 of 1st period - Penalty to Philip Larsen is over, Philip Larsen is back on ice.
2:54 of 1st period - Wrist shot by Jordan Szwarz.
2:54 of 1st period - Shot Misses the Net.
2:56 of 1st period - Snap shot by Dustin Boyd.
2:56 of 1st period - Shot Misses the Net.
4:26 of 1st period - Slapshot by Greg Stewart.
4:26 of 1st period - Stopped by Tuukka Rask with a rebound.
4:44 of 1st period - Wrist shot by Jordan Szwarz.
4:44 of 1st period - Shot Misses the Net.
4:50 of 1st period - Bryce Lampman is hit by Sergey Kalinin and loses puck.
5:00 of 1st period - Off-side.
5:01 of 1st period - Dave Bolland wins face-off versus Anze Kopitar in neutral zone.
5:10 of 1st period - Raphael Diaz is hit by Anze Kopitar and loses puck.
5:26 of 1st period - Off-side.
5:27 of 1st period - Nathan MacKinnon wins face-off versus Frans Nielsen in neutral zone.
5:34 of 1st period - Snap shot by Nathan MacKinnon.
5:34 of 1st period - Shot Blocked by Philip Larsen.
5:54 of 1st period - Jordan Szwarz is hit by Chris Kreider and loses puck.
6:01 of 1st period - Slapshot by Anze Kopitar.
6:01 of 1st period - Stopped by Kristers Gudlevskis with a rebound.
6:03 of 1st period - Slapshot by Jacob Trouba.
6:03 of 1st period - Shot Blocked by Cameron Gaunce.
6:05 of 1st period - Backhand shot by Chris Kreider.
6:05 of 1st period - Stopped by Kristers Gudlevskis without a rebound.
6:06 of 1st period - Dave Bolland wins face-off versus Logan Couture in Canadiens zone.
6:11 of 1st period - Snap shot by David Pastrnak.
6:11 of 1st period - Shot Misses the Net.
6:36 of 1st period - Wrist shot by Anze Kopitar.
6:36 of 1st period - Stopped by Kristers Gudlevskis with a rebound.
6:38 of 1st period - Wrist shot by Kevin Hayes.
6:38 of 1st period - Stopped by Kristers Gudlevskis with a rebound.
7:39 of 1st period - Icing by David Pastrnak.
7:40 of 1st period - Dave Bolland wins face-off versus Anze Kopitar in Kings zone.
7:43 of 1st period - Snap shot by Benoit Pouliot.
7:43 of 1st period - Shot Misses the Net.
7:47 of 1st period - Backhand shot by Dave Bolland.
7:47 of 1st period - Stopped by Tuukka Rask with a rebound.
7:49 of 1st period - Slapshot by Steve Downie.
7:49 of 1st period - Stopped by Tuukka Rask without a rebound.
7:50 of 1st period - Nathan MacKinnon wins face-off versus Frans Nielsen in Kings zone.
7:55 of 1st period - Snap shot by Nathan MacKinnon.
7:55 of 1st period - Shot Misses the Net.
8:17 of 1st period - Steve Downie is hit by Jaccob Slavin.
8:37 of 1st period - Dustin Boyd is hit by Eric Nystrom and loses puck.
9:21 of 1st period - Greg Stewart is hit by Nathan MacKinnon and loses puck.
10:59 of 1st period - Snap shot by Blake Wheeler.
10:59 of 1st period - Shot Blocked by Cameron Gaunce.
11:33 of 1st period - Dustin Boyd is hit by Colton Parayko and loses puck.
11:42 of 1st period - Snap shot by David Pastrnak.
11:42 of 1st period - Stopped by Kristers Gudlevskis with a rebound.
11:44 of 1st period - Snap shot by Jaccob Slavin.
11:44 of 1st period - Stopped by Kristers Gudlevskis with a rebound.
12:06 of 1st period - Slapshot by Nick Spaling.
12:06 of 1st period - Stopped by Tuukka Rask with a rebound.
12:48 of 1st period - Wrist shot by Benoit Pouliot.
12:48 of 1st period - Stopped by Tuukka Rask without a rebound.
12:49 of 1st period - Dave Bolland wins face-off versus Nathan MacKinnon in Kings zone.
12:58 of 1st period - Wrist shot by Steve Downie.
12:58 of 1st period - Stopped by Tuukka Rask with a rebound.
13:00 of 1st period - Snap shot by Steve Downie.
13:00 of 1st period - Shot Blocked by Colton Parayko.
13:02 of 1st period - Slapshot by Cameron Gaunce.
13:02 of 1st period - Goal by Cameron Gaunce - Kings : 0 - Canadiens : 1.
13:03 of 1st period - Anze Kopitar wins face-off versus Frans Nielsen in neutral zone.
13:19 of 1st period - Minor Penalty to Frans Nielsen for Roughing.
13:20 of 1st period - Nathan MacKinnon wins face-off versus Pierre-Marc Bouchard in Canadiens zone.
14:53 of 1st period - Off-side.
14:54 of 1st period - Anze Kopitar wins face-off versus Dustin Boyd in neutral zone.
15:19 of 1st period - Penalty to Frans Nielsen is over, Frans Nielsen is back on ice.
15:26 of 1st period - Icing by Greg Stewart.
15:27 of 1st period - Dustin Boyd wins face-off versus Sergey Kalinin in Canadiens zone.
15:40 of 1st period - Snap shot by Chris Higgins.
15:40 of 1st period - Stopped by Kristers Gudlevskis with a rebound.
15:42 of 1st period - Snap shot by Olli Maatta.
15:42 of 1st period - Shot Blocked by Mark Stuart.
15:44 of 1st period - Slapshot by Jaccob Slavin.
15:44 of 1st period - Stopped by Kristers Gudlevskis without a rebound.
15:45 of 1st period - Nathan MacKinnon wins face-off versus Steve Downie in Canadiens zone.
16:48 of 1st period - Snap shot by Jordan Szwarz.
16:48 of 1st period - Stopped by Tuukka Rask with a rebound.
17:24 of 1st period - Snap shot by Anze Kopitar.
17:24 of 1st period - Stopped by Kristers Gudlevskis without a rebound.
17:25 of 1st period - Anze Kopitar wins face-off versus Dave Bolland in Canadiens zone.
17:34 of 1st period - Snap shot by Chris Kreider.
17:34 of 1st period - Deflect By Kevin Hayes.
17:34 of 1st period - Shot Misses the Net.
17:34 of 1st period - Puck is out of play.
17:35 of 1st period - Nathan MacKinnon wins face-off versus Frans Nielsen in Canadiens zone.
18:02 of 1st period - Steve Downie is hit by Anze Kopitar.
18:22 of 1st period - Slapshot by Travis Hamonic.
18:22 of 1st period - Shot Blocked by Brady Skjei.
18:24 of 1st period - Slapshot by Logan Couture.
18:24 of 1st period - Shot Blocked by Bryce Lampman.
18:26 of 1st period - Slapshot by Colton Parayko.
18:26 of 1st period - Shot Blocked by Jordan Szwarz.
18:41 of 1st period - Off-side.
18:42 of 1st period - Pierre-Marc Bouchard wins face-off versus Blake Wheeler in neutral zone.
18:57 of 1st period - Wrist shot by Nick Spaling.
18:57 of 1st period - Shot Blocked by Blake Wheeler.
19:13 of 1st period - Snap shot by Chris Kreider.
19:13 of 1st period - Stopped by Kristers Gudlevskis with a rebound.
19:29 of 1st period - Slapshot by Eric Nystrom.
19:29 of 1st period - Stopped by Kristers Gudlevskis with a rebound.
19:31 of 1st period - Snap shot by David Pastrnak.
19:31 of 1st period - Deflect By Logan Couture.
19:31 of 1st period - Shot Misses the Net.
19:31 of 1st period - Puck is out of play.
19:32 of 1st period - Logan Couture wins face-off versus Dave Bolland in Canadiens zone.
19:57 of 1st period - Greg Stewart is hit by Chris Kreider and loses puck.
Goals for this period are 0 for Kings vs 1 for Canadiens.
Shots for this period are 13 for Kings vs 8 for Canadiens.
2nd period
0:01 of 2nd period - Frans Nielsen wins face-off versus Nathan MacKinnon in neutral zone.
0:06 of 2nd period - Wrist shot by Claude Giroux.
0:06 of 2nd period - Stopped by Tuukka Rask with a rebound.
0:08 of 2nd period - Snap shot by Frans Nielsen.
0:08 of 2nd period - Stopped by Tuukka Rask without a rebound.
0:09 of 2nd period - Frans Nielsen wins face-off versus Nathan MacKinnon in Kings zone.
0:18 of 2nd period - Snap shot by Greg Stewart.
0:18 of 2nd period - Shot Blocked by Blake Wheeler.
0:20 of 2nd period - Wrist shot by Frans Nielsen.
0:20 of 2nd period - Stopped by Tuukka Rask without a rebound.
0:21 of 2nd period - Frans Nielsen wins face-off versus Anze Kopitar in Kings zone.
0:30 of 2nd period - Snap shot by Anze Kopitar.
0:30 of 2nd period - Shot Blocked by Greg Stewart.
0:32 of 2nd period - Wrist shot by Kevin Hayes.
0:32 of 2nd period - Shot Blocked by Brady Skjei.
0:34 of 2nd period - Snap shot by Anze Kopitar.
0:34 of 2nd period - Stopped by Kristers Gudlevskis without a rebound.
0:35 of 2nd period - Frans Nielsen wins face-off versus Nathan MacKinnon in Canadiens zone.
0:35 of 2nd period - Frans Nielsen is hit by Nathan MacKinnon.
0:41 of 2nd period - Slapshot by Claude Giroux.
0:41 of 2nd period - Stopped by Tuukka Rask without a rebound.
0:42 of 2nd period - Blake Wheeler wins face-off versus Frans Nielsen in Kings zone.
0:42 of 2nd period - Blake Wheeler is hit by Brady Skjei.
0:49 of 2nd period - Off-side.
0:50 of 2nd period - Frans Nielsen wins face-off versus Anze Kopitar in neutral zone.
0:57 of 2nd period - Travis Hamonic is hit by Frans Nielsen and loses puck.
1:16 of 2nd period - Brady Skjei is hit by Nathan MacKinnon and loses puck.
2:05 of 2nd period - Snap shot by David Pastrnak.
2:05 of 2nd period - Shot Blocked by Raphael Diaz.
2:07 of 2nd period - Snap shot by David Pastrnak.
2:07 of 2nd period - Stopped by Kristers Gudlevskis without a rebound.
2:08 of 2nd period - Frans Nielsen wins face-off versus Anze Kopitar in Canadiens zone.
2:08 of 2nd period - Frans Nielsen is hit by Chris Kreider.
2:34 of 2nd period - Jaccob Slavin is hit by Dave Bolland and loses puck.
2:43 of 2nd period - Wrist shot by Travis Hamonic.
2:43 of 2nd period - Stopped by Kristers Gudlevskis with a rebound.
2:55 of 2nd period - Wrist shot by Eric Nystrom.
2:55 of 2nd period - Stopped by Kristers Gudlevskis with a rebound.
3:19 of 2nd period - Wrist shot by Pierre-Marc Bouchard.
3:19 of 2nd period - Stopped by Tuukka Rask with a rebound.
3:21 of 2nd period - Slapshot by Raphael Diaz.
3:21 of 2nd period - Stopped by Tuukka Rask without a rebound.
3:22 of 2nd period - Frans Nielsen wins face-off versus Anze Kopitar in Kings zone.
3:25 of 2nd period - Slapshot by Greg Stewart.
3:25 of 2nd period - Shot Blocked by Travis Hamonic.
3:31 of 2nd period - Wrist shot by Anze Kopitar.
3:31 of 2nd period - Stopped by Kristers Gudlevskis with a rebound.
3:37 of 2nd period - Slapshot by Anze Kopitar.
3:37 of 2nd period - Deflect By Chris Kreider.
3:37 of 2nd period - Shot Misses the Net.
3:37 of 2nd period - Puck is out of play.
3:38 of 2nd period - Nathan MacKinnon wins face-off versus Dave Bolland in Canadiens zone.
3:49 of 2nd period - Slapshot by Gabriel Landeskog.
3:49 of 2nd period - Deflect By Blake Wheeler.
3:49 of 2nd period - Stopped by Kristers Gudlevskis with a rebound.
3:52 of 2nd period - Minor Penalty to Benoit Pouliot for High sticking.
3:53 of 2nd period - Pierre-Marc Bouchard wins face-off versus Anze Kopitar in Canadiens zone.
4:04 of 2nd period - Snap shot by Pierre-Marc Bouchard.
4:04 of 2nd period - Shot Misses the Net.
5:14 of 2nd period - Wrist shot by Greg Stewart.
5:14 of 2nd period - Shot Misses the Net.
5:52 of 2nd period - Penalty to Benoit Pouliot is over, Benoit Pouliot is back on ice.
6:01 of 2nd period - Benoit Pouliot is hit by Travis Hamonic and loses puck.
7:24 of 2nd period - Eric Nystrom is hit by Dave Bolland.
7:36 of 2nd period - Icing by Gabriel Landeskog.
7:37 of 2nd period - Frans Nielsen wins face-off versus Nathan MacKinnon in Kings zone.
7:55 of 2nd period - Joni Pitkanen is hit by Steve Downie and loses puck.
8:17 of 2nd period - Nathan MacKinnon is hit by Raphael Diaz and loses puck.
9:05 of 2nd period - Off-side.
9:06 of 2nd period - Anze Kopitar wins face-off versus Dustin Boyd in neutral zone.
9:15 of 2nd period - Wrist shot by Chris Kreider.
9:15 of 2nd period - Shot Blocked by Philip Larsen.
9:17 of 2nd period - Wrist shot by Kevin Hayes.
9:17 of 2nd period - Deflect By Anze Kopitar.
9:17 of 2nd period - Stopped by Kristers Gudlevskis without a rebound.
9:18 of 2nd period - Anze Kopitar wins face-off versus Greg Stewart in Canadiens zone.
9:19 of 2nd period - Snap shot by Chris Kreider.
9:19 of 2nd period - Shot Blocked by Frans Nielsen.
9:25 of 2nd period - Snap shot by Anze Kopitar.
9:25 of 2nd period - Shot Misses the Net.
10:05 of 2nd period - Icing by Claude Giroux.
10:06 of 2nd period - Frans Nielsen wins face-off versus Logan Couture in Canadiens zone.
10:18 of 2nd period - Wrist shot by David Pastrnak.
10:18 of 2nd period - Shot Hit the Post.
10:20 of 2nd period - Slapshot by Olli Maatta.
10:20 of 2nd period - Stopped by Kristers Gudlevskis without a rebound.
10:21 of 2nd period - Kevin Hayes wins face-off versus Brett Maclean in Canadiens zone.
10:22 of 2nd period - Snap shot by Anze Kopitar.
10:22 of 2nd period - Shot Blocked by Brady Skjei.
10:46 of 2nd period - Dave Bolland is hit by David Pastrnak and loses puck.
13:09 of 2nd period - Wrist shot by Anze Kopitar.
13:09 of 2nd period - Shot Misses the Net.
13:11 of 2nd period - Snap shot by Olli Maatta.
13:11 of 2nd period - Stopped by Kristers Gudlevskis without a rebound.
13:12 of 2nd period - Nathan MacKinnon wins face-off versus Frans Nielsen in Canadiens zone.
14:37 of 2nd period - Minor Penalty to Joni Pitkanen for Tripping.
14:38 of 2nd period - Frans Nielsen wins face-off versus Logan Couture in Kings zone.
14:39 of 2nd period - Slapshot by Claude Giroux.
14:39 of 2nd period - Shot Misses the Net.
14:41 of 2nd period - Wrist shot by Frans Nielsen.
14:41 of 2nd period - Stopped by Tuukka Rask with a rebound.
14:43 of 2nd period - Wrist shot by Greg Stewart.
14:43 of 2nd period - Stopped by Tuukka Rask with a rebound.
14:45 of 2nd period - Slapshot by Brady Skjei.
14:45 of 2nd period - Shot Misses the Net.
15:01 of 2nd period - Jacob Trouba is hit by Frans Nielsen and loses puck.
15:06 of 2nd period - Snap shot by Greg Stewart.
15:06 of 2nd period - Shot Misses the Net.
15:08 of 2nd period - Snap shot by Greg Stewart.
15:08 of 2nd period - Stopped by Tuukka Rask with a rebound.
15:10 of 2nd period - Snap shot by Claude Giroux.
15:10 of 2nd period - Stopped by Tuukka Rask with a rebound.
15:12 of 2nd period - Snap shot by Frans Nielsen.
15:12 of 2nd period - Stopped by Tuukka Rask without a rebound.
15:13 of 2nd period - Logan Couture wins face-off versus Dave Bolland in Kings zone.
16:15 of 2nd period - Greg Stewart is hit by Eric Nystrom and loses puck.
16:37 of 2nd period - Penalty to Joni Pitkanen is over, Joni Pitkanen is back on ice.
16:46 of 2nd period - Snap shot by Jordan Szwarz.
16:46 of 2nd period - Stopped by Tuukka Rask without a rebound.
16:47 of 2nd period - Nathan MacKinnon wins face-off versus Dustin Boyd in Kings zone.
16:57 of 2nd period - Minor Penalty to Dustin Boyd for Holding.
16:58 of 2nd period - Pierre-Marc Bouchard wins face-off versus Nathan MacKinnon in Canadiens zone.
17:31 of 2nd period - Snap shot by Nathan MacKinnon.
17:31 of 2nd period - Shot Misses the Net.
17:33 of 2nd period - Snap shot by Travis Hamonic.
17:33 of 2nd period - Stopped by Kristers Gudlevskis without a rebound.
17:34 of 2nd period - Dave Bolland wins face-off versus Anze Kopitar in Canadiens zone.
17:43 of 2nd period - Philip Larsen is hit by Anze Kopitar and loses puck.
18:12 of 2nd period - Snap shot by Greg Stewart.
18:12 of 2nd period - Stopped by Tuukka Rask without a rebound.
18:13 of 2nd period - Pierre-Marc Bouchard wins face-off versus Anze Kopitar in Kings zone.
18:20 of 2nd period - Slapshot by Steve Downie.
18:20 of 2nd period - Shot Misses the Net.
18:43 of 2nd period - Snap shot by Nathan MacKinnon.
18:43 of 2nd period - Shot Blocked by Mark Stuart.
18:57 of 2nd period - Penalty to Dustin Boyd is over, Dustin Boyd is back on ice.
19:31 of 2nd period - Off-side.
19:32 of 2nd period - Dustin Boyd wins face-off versus Anze Kopitar in neutral zone.
19:53 of 2nd period - Minor Penalty to Brady Skjei for Hooking.
19:54 of 2nd period - Anze Kopitar wins face-off versus Pierre-Marc Bouchard in Canadiens zone.
19:55 of 2nd period - Slapshot by Chris Kreider.
19:55 of 2nd period - Deflect By Steve Downie.
19:55 of 2nd period - Goal by Chris Kreider - Kings : 1 - Canadiens : 1.
19:56 of 2nd period - Frans Nielsen wins face-off versus Anze Kopitar in neutral zone.
Goals for this period are 1 for Kings vs 0 for Canadiens.
Shots for this period are 11 for Kings vs 13 for Canadiens.
3rd period
0:01 of 3rd period - Frans Nielsen wins face-off versus Anze Kopitar in neutral zone.
0:07 of 3rd period - Slapshot by Brady Skjei.
0:07 of 3rd period - Deflect By Claude Giroux.
0:07 of 3rd period - Stopped by Tuukka Rask with a rebound.
0:09 of 3rd period - Wrist shot by Frans Nielsen.
0:09 of 3rd period - Stopped by Tuukka Rask without a rebound.
0:10 of 3rd period - Anze Kopitar wins face-off versus Frans Nielsen in Kings zone.
0:21 of 3rd period - Snap shot by Claude Giroux.
0:21 of 3rd period - Stopped by Tuukka Rask without a rebound.
0:22 of 3rd period - Nathan MacKinnon wins face-off versus Frans Nielsen in Kings zone.
0:45 of 3rd period - Minor Penalty to Nathan MacKinnon for Roughing.
0:46 of 3rd period - Dave Bolland wins face-off versus Logan Couture in Kings zone.
1:15 of 3rd period - Wrist shot by Claude Giroux.
1:15 of 3rd period - Shot Blocked by Travis Hamonic.
1:17 of 3rd period - Snap shot by Greg Stewart.
1:17 of 3rd period - Deflect By Claude Giroux.
1:17 of 3rd period - Stopped by Tuukka Rask with a rebound.
1:23 of 3rd period - Wrist shot by Greg Stewart.
1:23 of 3rd period - Shot Misses the Net.
1:33 of 3rd period - Brady Skjei is hit by Eric Nystrom and loses puck.
2:04 of 3rd period - Wrist shot by Eric Nystrom.
2:04 of 3rd period - Deflect By Blake Wheeler.
2:04 of 3rd period - Shot Misses the Net.
2:04 of 3rd period - Puck is out of play.
2:05 of 3rd period - Frans Nielsen wins face-off versus Blake Wheeler in Canadiens zone.
2:45 of 3rd period - Penalty to Nathan MacKinnon is over, Nathan MacKinnon is back on ice.
2:51 of 3rd period - Bryce Lampman is hit by Anze Kopitar and loses puck.
2:56 of 3rd period - Snap shot by Chris Kreider.
2:56 of 3rd period - Stopped by Kristers Gudlevskis without a rebound.
2:57 of 3rd period - Dustin Boyd wins face-off versus Anze Kopitar in Canadiens zone.
3:34 of 3rd period - Dustin Boyd is hit by Travis Hamonic and loses puck.
3:54 of 3rd period - Icing by Jaccob Slavin.
3:55 of 3rd period - Frans Nielsen wins face-off versus Anze Kopitar in Kings zone.
4:20 of 3rd period - Snap shot by Chris Kreider.
4:20 of 3rd period - Stopped by Kristers Gudlevskis with a rebound.
4:24 of 3rd period - Wrist shot by Kevin Hayes.
4:24 of 3rd period - Stopped by Kristers Gudlevskis with a rebound.
4:26 of 3rd period - Slapshot by Olli Maatta.
4:26 of 3rd period - Deflect By Anze Kopitar.
4:26 of 3rd period - Shot Misses the Net.
4:26 of 3rd period - Puck is out of play.
4:27 of 3rd period - Nathan MacKinnon wins face-off versus Dave Bolland in Canadiens zone.
5:08 of 3rd period - Snap shot by Gabriel Landeskog.
5:08 of 3rd period - Stopped by Kristers Gudlevskis with a rebound.
5:44 of 3rd period - Wrist shot by Claude Giroux.
5:44 of 3rd period - Goal by Claude Giroux - Kings : 1 - Canadiens : 2.
5:45 of 3rd period - Frans Nielsen wins face-off versus Logan Couture in neutral zone.
5:52 of 3rd period - Slapshot by Logan Couture.
5:52 of 3rd period - Shot Blocked by Bryce Lampman.
5:54 of 3rd period - Slapshot by Jacob Trouba.
5:54 of 3rd period - Deflect By Claude Giroux.
5:54 of 3rd period - Stopped by Kristers Gudlevskis with a rebound.
5:56 of 3rd period - Snap shot by Logan Couture.
5:56 of 3rd period - Stopped by Kristers Gudlevskis without a rebound.
5:57 of 3rd period - Frans Nielsen wins face-off versus Logan Couture in Canadiens zone.
6:33 of 3rd period - Benoit Pouliot is hit by Anze Kopitar.
6:42 of 3rd period - Colton Parayko is hit by Jordan Szwarz and loses puck.
7:07 of 3rd period - Snap shot by Blake Wheeler.
7:07 of 3rd period - Goal by Blake Wheeler - Kings : 2 - Canadiens : 2.
7:08 of 3rd period - Frans Nielsen wins face-off versus Logan Couture in neutral zone.
7:46 of 3rd period - Slapshot by Nathan MacKinnon.
7:46 of 3rd period - Shot Blocked by Benoit Pouliot.
7:58 of 3rd period - Slapshot by Brett Maclean.
7:58 of 3rd period - Shot Misses the Net.
8:00 of 3rd period - Slapshot by Brett Maclean.
8:00 of 3rd period - Stopped by Tuukka Rask with a rebound.
8:02 of 3rd period - Wrist shot by Brett Maclean.
8:02 of 3rd period - Stopped by Tuukka Rask with a rebound.
9:20 of 3rd period - Wrist shot by Dustin Boyd.
9:20 of 3rd period - Stopped by Tuukka Rask without a rebound.
9:21 of 3rd period - Anze Kopitar wins face-off versus Dustin Boyd in Kings zone.
9:34 of 3rd period - Wrist shot by Kevin Hayes.
9:34 of 3rd period - Shot Misses the Net.
9:48 of 3rd period - Snap shot by Blake Wheeler.
9:48 of 3rd period - Shot Blocked by Philip Larsen.
9:50 of 3rd period - Slapshot by Blake Wheeler.
9:50 of 3rd period - Stopped by Kristers Gudlevskis without a rebound.
9:51 of 3rd period - Frans Nielsen wins face-off versus Nathan MacKinnon in Canadiens zone.
10:04 of 3rd period - Wrist shot by Claude Giroux.
10:04 of 3rd period - Shot Blocked by Travis Hamonic.
10:06 of 3rd period - Slapshot by Brady Skjei.
10:06 of 3rd period - Stopped by Tuukka Rask without a rebound.
10:07 of 3rd period - Logan Couture wins face-off versus Dave Bolland in Kings zone.
10:32 of 3rd period - Colton Parayko is hit by Greg Stewart and loses puck.
10:56 of 3rd period - Jordan Szwarz is hit by Blake Wheeler and loses puck.
11:25 of 3rd period - Bryce Lampman is hit by Jaccob Slavin and loses puck.
11:38 of 3rd period - Wrist shot by Dave Bolland.
11:38 of 3rd period - Shot Misses the Net.
11:42 of 3rd period - Snap shot by Benoit Pouliot.
11:42 of 3rd period - Shot Blocked by Logan Couture.
11:48 of 3rd period - Snap shot by Steve Downie.
11:48 of 3rd period - Shot Blocked by Travis Hamonic.
11:50 of 3rd period - Snap shot by Dave Bolland.
11:50 of 3rd period - Shot Blocked by Travis Hamonic.
13:17 of 3rd period - Icing by Dave Bolland.
13:18 of 3rd period - Dave Bolland wins face-off versus Anze Kopitar in Canadiens zone.
13:50 of 3rd period - Nathan MacKinnon is hit by Steve Downie and loses puck.
14:05 of 3rd period - Frans Nielsen is hit by David Pastrnak and loses puck.
14:31 of 3rd period - Sergey Kalinin is hit by Jordan Szwarz and loses puck.
14:53 of 3rd period - Nick Spaling is hit by Colton Parayko and loses puck.
15:17 of 3rd period - Slapshot by Travis Hamonic.
15:17 of 3rd period - Stopped by Kristers Gudlevskis with a rebound.
15:19 of 3rd period - Wrist shot by Sergey Kalinin.
15:19 of 3rd period - Shot Misses the Net.
15:21 of 3rd period - Slapshot by Colton Parayko.
15:21 of 3rd period - Stopped by Kristers Gudlevskis with a rebound.
15:23 of 3rd period - Snap shot by Steve Bernier.
15:23 of 3rd period - Goal by Steve Bernier - Kings : 3 - Canadiens : 2.
15:24 of 3rd period - Frans Nielsen wins face-off versus Logan Couture in neutral zone.
15:55 of 3rd period - Slapshot by Brett Maclean.
15:55 of 3rd period - Stopped by Tuukka Rask with a rebound.
15:59 of 3rd period - Wrist shot by Jordan Szwarz.
15:59 of 3rd period - Stopped by Tuukka Rask with a rebound.
16:03 of 3rd period - Wrist shot by Jordan Szwarz.
16:03 of 3rd period - Shot Misses the Net.
17:10 of 3rd period - Snap shot by Benoit Pouliot.
17:10 of 3rd period - Stopped by Tuukka Rask without a rebound.
17:11 of 3rd period - Dave Bolland wins face-off versus Anze Kopitar in Kings zone.
17:16 of 3rd period - Snap shot by Steve Downie.
17:16 of 3rd period - Deflect By Anze Kopitar.
17:16 of 3rd period - Goal by Steve Downie - Kings : 3 - Canadiens : 3.
17:17 of 3rd period - Dustin Boyd wins face-off versus David Pastrnak in neutral zone.
17:35 of 3rd period - Minor Penalty to Eric Nystrom for High sticking.
17:36 of 3rd period - Logan Couture wins face-off versus Dave Bolland in Kings zone.
17:48 of 3rd period - Minor Penalty to Brady Skjei for Hooking.
17:49 of 3rd period - Nathan MacKinnon wins face-off versus Dave Bolland in Canadiens zone.
17:54 of 3rd period - Snap shot by Anze Kopitar.
17:54 of 3rd period - Stopped by Kristers Gudlevskis without a rebound.
17:55 of 3rd period - Nathan MacKinnon wins face-off versus Dave Bolland in Canadiens zone.
18:44 of 3rd period - Backhand shot by Frans Nielsen.
18:44 of 3rd period - Shot Misses the Net.
19:35 of 3rd period - Penalty to Eric Nystrom is over, Eric Nystrom is back on ice.
19:48 of 3rd period - Penalty to Brady Skjei is over, Brady Skjei is back on ice.
Goals for this period are 2 for Kings vs 2 for Canadiens.
Shots for this period are 12 for Kings vs 13 for Canadiens.
Overtime #1
0:01 of 1st overtime period - Claude Giroux wins face-off versus Nathan MacKinnon in neutral zone.
0:06 of 1st overtime period - Snap shot by Claude Giroux.
0:06 of 1st overtime period - Shot Misses the Net.
2:25 of 1st overtime period - Brady Skjei is hit by Chris Higgins and loses puck.
4:20 of 1st overtime period - Anze Kopitar is hit by Frans Nielsen and loses puck.
4:55 of 1st overtime period - Chris Higgins is hit by Cameron Gaunce.
Goals for this period are 0 for Kings vs 0 for Canadiens.
Shots for this period are 0 for Kings vs 0 for Canadiens.
ShootOut
5:00 of 1st overtime period - Round #1.
5:00 of 1st overtime period - Kings, Anze Kopitar.
5:00 of 1st overtime period - Deke by Anze Kopitar.
5:00 of 1st overtime period - Stopped by Kristers Gudlevskis.
5:00 of 1st overtime period - Canadiens, Claude Giroux.
5:00 of 1st overtime period - Wrist shot by Claude Giroux.
5:00 of 1st overtime period - Stopped by Tuukka Rask.
5:00 of 1st overtime period - Round #2.
5:00 of 1st overtime period - Kings, Chris Higgins.
5:00 of 1st overtime period - Backhand shot by Chris Higgins.
5:00 of 1st overtime period - Stopped by Kristers Gudlevskis.
5:00 of 1st overtime period - Canadiens, Brett Maclean.
5:00 of 1st overtime period - Wrist shot by Brett Maclean.
5:00 of 1st overtime period - Goal by Brett Maclean.
5:00 of 1st overtime period - Round #3.
5:00 of 1st overtime period - Kings, David Pastrnak.
5:00 of 1st overtime period - Snap shot by David Pastrnak.
5:00 of 1st overtime period - Goal by David Pastrnak.
5:00 of 1st overtime period - Canadiens, Greg Stewart.
5:00 of 1st overtime period - Backhand shot by Greg Stewart.
5:00 of 1st overtime period - Stopped by Tuukka Rask.
5:00 of 1st overtime period - Round #4.
5:00 of 1st overtime period - Kings, Logan Couture.
5:00 of 1st overtime period - Wrist shot by Logan Couture.
5:00 of 1st overtime period - Goal by Logan Couture.
5:00 of 1st overtime period - Canadiens, Benoit Pouliot.
5:00 of 1st overtime period - Deke by Benoit Pouliot.
5:00 of 1st overtime period - Stopped by Tuukka Rask.